 Dungeon Crawl Stone Soup version 0.31.0-32-g396128a36d (webtiles) character file.

Game seed: 5037240321576174143

3857 Peloso the Carver (level 9, -4/82 HPs)
             Began as a Minotaur Fighter on Apr 16, 2024.
             Was a Follower of Okawaru.
             Slain by a hornet (9 damage)
             ... while paralysed by a hornet
             ... on level 9 of the Dungeon.
             The game lasted 00:11:35 (7955 turns).

Peloso the Carver (Minotaur Fighter)                Turns: 7955, Time: 00:11:35

Health: -4/82      AC: 19    Str: 17    XL:     9   Next: 99%
Magic:  0/8        EV:  2    Int:  5    God:    Okawaru [*.....]
Gold:   435        SH:  0    Dex: 20    Spells: 8/8 levels left

rFire   . . .        a - +0 scimitar
rCold   x . .        d - +0 buckler
rNeg    . . .        f - +0 plate armour
rPois   .            (helmet restricted)
rElec   .            l - +0 cloak
rCorr   .            (no gloves)
SInv    +            j - +2 pair of boots of the Destroying Gods {rC- Will+ Str-5 Dex+7}
Will    +....        v - amulet of guardian spirit Stlth
                     u - ring of see invisible
HPRegen 0.33/turn    (no ring)
MPRegen 0.11/turn

%: guardian spirit
@: paralysed, mighty, lethally poisoned (-4 -> -5), slowed
A: horns 2, retaliatory headbutt
a: Renounce Religion, Heroism


You were on level 9 of the Dungeon.
You worshipped Okawaru.
Okawaru was aware of your devotion.
You visited 2 branches of the dungeon, and saw 10 of its levels.

You collected 435 gold pieces.

Inventory:

Hand Weapons
 a - a +0 scimitar (weapon)
Missiles
 r - a throwing net (quivered)
Armour
 b - a +0 scale mail
 d - a +0 buckler (worn)
 f - a +0 plate armour (worn)
 h - a +0 chain mail
 j - the +2 pair of boots of the Destroying Gods (worn) {rC- Will+ Str-5 Dex+7}
   (You found it on level 2 of the Dungeon)

   Str-5:     It affects your strength (-5).
   Dex+7:     It affects your dexterity (+7).
   rC-:       It makes you vulnerable to cold.
   Will+:     It increases your willpower.
 l - a +0 cloak (worn)
Jewellery
 u - a ring of see invisible (left hand)
 v - an amulet of guardian spirit (around neck)
Talismans
 c - a talisman of death
 p - a serpent talisman
 A - a maw talisman
Wands
 q - a wand of flame (1)
Scrolls
 e - a scroll of fog
 n - a scroll of enchant armour
 o - 3 scrolls of blinking
 t - 3 scrolls of teleportation
 w - a scroll of poison
 x - 2 scrolls of noise
 y - a scroll of acquirement {unknown}
 B - a scroll of revelation {unknown}
Potions
 g - a potion of might
 i - a potion of curing
 k - a potion of resistance
 m - 2 potions of mutation
 s - a potion of invisibility {unknown}
 C - a potion of brilliance {unknown}


   Skills:
 + Level 8.7 Fighting
 + Level 10.9 Long Blades
 + Level 9.2 Armour
 + Level 2.3 Dodging
 + Level 1.2 Stealth
 + Level 7.0 Shields


You had 8 spell levels left.
You didn't know any spells.
Your spell library contained the following spells:

 Spells                   Type           Power      Damage    Failure   Level
 Necrotise                Necr           0%         1d4       100%        1
 Sublimation of Blood     Necr           0%         N/A       100%        2
 Frozen Ramparts          Ice            0%         1d1       100%        3
 Inner Flame              Hex/Fire       0%         N/A       100%        3
 Vampiric Draining        Necr           0%         2d6       100%        3
 Flame Wave               Conj/Fire      0%         2d4       100%        4
 Leda's Liquefaction      Alch/Erth      0%         N/A       100%        4
 Passage of Golubria      Tloc           0%         N/A       100%        4
 Petrify                  Alch/Erth      0%         N/A       100%        4
 Sticky Flame             Fire/Alch      0%         2d4       100%        4
 Curse of Agony           Necr           0%         N/A       100%        5
 Metabolic Englaciation   Hex/Ice        0%         N/A       100%        5
 Yara's Violent Unravell  Hex/Alch       0%         3d3       100%        5
 Call Imp                 Summ           Unusable   N/A       N/A         2
 Tukima's Dance           Hex            Unusable   N/A       N/A         3
 Martyr's Knell           Necr/Summ      Unusable   N/A       N/A         4
 Summon Hydra             Summ           Unusable   N/A       N/A         7

Dungeon Overview and Level Annotations

Branches:
Dungeon (9/15)             Temple (1/1) D:6
   Lair: D:8-11         Orc: D:9-12

Altars:
Ashenzari
Cheibriados
Dithmenos
Elyvilon
Fedhas
Gozag
Kikubaaqudgha
Makhleb
Nemelex Xobeh
Okawaru
Qazlal
Sif Muna
Trog
Uskayaw
Vehumet
Xom
Yredelemnul
Zin
The Shining One

Shops:
D:5 :


Innate Abilities, Weirdness & Mutations

You have a pair of horns on your head.
You reflexively headbutt those who attack you in melee.


Message History

The hornet stings you but does no damage.
You can move again.
You hit the hornet but do no damage.
The hornet is moderately wounded.
You feel like a meek peon again.
You feel very sick. The hornet barely misses you.
Unknown command.
You closely miss the hornet. Your headbutt misses the hornet.
The hornet is moderately wounded.
You feel very sick. You block the hornet's attack.
The hornet stings you but does no damage.
Unknown command.
You closely miss the hornet.
The hornet is moderately wounded.
You feel very sick. The hornet stings you.
* * * LOW HITPOINT WARNING * * *
You feel as though you will be slow longer.
You block the hornet's attack.
You barely miss the hornet.
The hornet is moderately wounded.
You feel sick. The hornet stings you.
* * * LOW HITPOINT WARNING * * *
You feel as though you will be slow longer.
The hornet stings you but does no damage.
Unknown command.
You slash the hornet!
The hornet is severely wounded.
You feel sick.
The hornet stings you but does no damage.
Unknown command.
You closely miss the hornet.
The hornet is severely wounded.
You feel sick. The hornet barely misses you. The hornet stings you!
* * * LOW HITPOINT WARNING * * *
You suddenly lose the ability to move!
You feel sick. The hornet stings you!
You die...

##### #...# #.~.##########
#.~.#.#......# .
#.~.#.#......##. #
#.~.#.#.[...... .
#...#.#......###.
###########'##.#@# .......
..........[..).#y##......#
#.........................
#.##...###########.#######
#.#....# ............/..
#......# ..####.y..#...#
.......# #....# .#
.....).# #....# .#####.#
....##


You could see a hornet.

Vanquished Creatures
  A troll (D:9)
  A wraith (D:9)
  A water moccasin (D:7)
  An orc warrior (D:4)
  Pargi (D:3)
  An ice beast (D:6)
  2 black bears (D:5)
  3 ogres
  3 centaurs
  2 phantoms
  A kobold brigand (D:6)
  5 bullfrogs
  5 scorpions
  A gnoll sergeant (D:6)
  10 wights
  A howler monkey (D:5)
  An electric eel (D:9)
  4 bombardier beetles
  3 jellies
  4 hounds
  3 orc priests
  3 iguanas
  A sleepcap (D:4)
  Jessica (D:2)
  4 orc wizards
  6 gnolls (D:6)
  9 adders
  2 ufetubi (D:6)
  A dart slug (D:3)
  3 ribbon worms (D:2)
  28 orcs
  4 endoplasms
  A giant cockroach (D:2)
  7 goblins
  6 hobgoblins
  11 kobolds
  5 quokkas
  5 ball pythons
  6 bats
  4 frilled lizards
  4 rats
165 creatures vanquished.

Vanquished Creatures (others)
  An angel (D:8)
  A bullfrog (D:8)
2 creatures vanquished.

Grand Total: 167 creatures vanquished

Notes
Turn   | Place    | Note
-------+----------+-------------------------------------------
     0 | D:1      | Peloso the Minotaur Fighter began the quest for the Orb.
     0 | D:1      | Reached XP level 1. HP: 19/19 MP: 0/0
   242 | D:1      | Reached XP level 2. HP: 27/27 MP: 1/1
   826 | D:2      | Reached XP level 3. HP: 32/33 MP: 2/2
   952 | D:2      | Noticed Jessica
   954 | D:2      | Killed Jessica
   955 | D:2      | Reached skill level 3 in Long Blades
   967 | D:2      | Identified the +2 pair of boots of the Destroying Gods {rC-
                  | Will+ Str-5 Dex+7}
  1027 | D:2      | Reached XP level 4. HP: 40/40 MP: 3/3
  1055 | D:2      | Found a burning altar of Makhleb.
  1167 | D:2      | Found a faded altar of an unknown god.
  1484 | D:3      | Noticed Pargi
  1502 | D:3      | Killed Pargi
  1503 | D:3      | Reached skill level 4 in Long Blades
  1503 | D:3      | Reached skill level 1 in Dodging
  1503 | D:3      | Reached XP level 5. HP: 26/47 MP: 4/4
  1637 | D:3      | Found a radiant altar of Vehumet.
  1970 | D:3      | Reached skill level 5 in Armour
  2277 | D:4      | Reached XP level 6. HP: 29/53 MP: 5/5
  2281 | D:4      | HP: 1/53 [scorpion (3)]
  2288 | D:4      | HP: 2/53 [burnt (3)]
  2458 | D:4      | Reached skill level 5 in Shields
  2953 | D:4      | Reached skill level 5 in Long Blades
  3097 | D:5      | Entered Level 5 of the Dungeon
  3105 | D:5      | Reached skill level 5 in Fighting
  3105 | D:5      | Reached XP level 7. HP: 31/61 MP: 6/6
  3334 | D:5      | Reached skill level 6 in Long Blades
  3932 | D:5      | Reached skill level 7 in Long Blades
  3932 | D:5      | Reached XP level 8. HP: 39/70 MP: 7/7
  4046 | D:5      | Found Poujum's Book Shop.
  4245 | D:5      | Reached skill level 8 in Long Blades
  4422 | D:5      | Found a shadowy altar of Dithmenos.
  4673 | D:6      | Found an ancient bone altar of Kikubaaqudgha.
  4976 | D:6      | Reached skill level 1 in Stealth
  5132 | D:6      | Found a broken altar of Ashenzari.
  5160 | D:6      | Reached XP level 9. HP: 73/78 MP: 8/8
  5538 | D:6      | Found a staircase to the Ecumenical Temple.
  5767 | Temple   | Entered the Ecumenical Temple
  5772 | Temple   | Became a worshipper of Warmaster Okawaru
  5980 | D:7      | Reached skill level 9 in Long Blades
  6145 | D:7      | Found a white marble altar of Elyvilon.
  6532 | D:7      | Reached skill level 10 in Long Blades
  6873 | D:7      | Found a sparkling altar of Nemelex Xobeh.
  6986 | D:8      | Found a glowing silver altar of Zin.
  6986 | D:8      | Noticed an angel
  7134 | D:8      | Reached * piety under Okawaru
  7300 | D:8      | Found a shimmering altar of Xom.
  7352 | D:8      | Found a glowing golden altar of the Shining One.
  7358 | D:8      | Found a basalt altar of Yredelemnul.
  7360 | D:8      | Noticed a profane servitor
  7611 | D:8      | Killed an angel
  7736 | D:8      | Noticed an angel
  7925 | D:9      | Noticed a troll
  7942 | D:9      | Killed a troll
  7946 | D:9      | Paralysed by a hornet for 3 turns
  7954 | D:9      | Paralysed by a hornet for 3 turns
  7955 | D:9      | Slain by a hornet

Illustrated notes

Levels and vault maps discovered:
D:1:      dpeg_arrival_more_subterranean_lakeside_camping, layout_rooms
D:2:      layout_rooms, nicolae_ecumenical_lake_church, basic_altar,
          chequers_serial_rivers_small_a, uniq_jessica
D:3:      kennysheep_six_static_rooms, layout_rooms, lemuel_doored_altar,
          minmay_cut_off, uniq_pargi
D:4:      layout_cave_pods
D:5:      layout_cave_pools, kennysheep_mini_moat, serial_shops,
          nicolae_shop_crystal, minmay_pentangle
D:6:      layout_loops_corners, general_overflow_altar,
          nicolae_ashenzari_panopticon, minmay_temple_entry_nine_rooms
D:7:      layout_cave_pods, nemelex_dance_club_becter, elyvilon_altar_4
D:8:      layout_cave_pods, grunt_temple_overflow_holy_war,
          grunt_temple_overflow_order_and_chaos_1
D:9:      minmay_recursive_quarters, layout_basic, mainiacjoe_overflow_paths,
          mainiacjoe_overflow_catwalk, kennysheep_decorative_pillar,
          dk_vineyard_2, st_stairs_10, uniq_maurice
Temple:   hellmonk_temple_of_storms

Skill      XL: |  1  2  3  4  5  6  7  8  9 |
---------------+----------------------------+-----
Fighting       | 4 5 6 8 |  8.7
Armour         | 4 5 6 8 9 |  9.2
Shields        | 4 5 6 7 |  7.0
Long Blades    | 3 4 5 7 8 10 | 10.9
Dodging        | 1 2 |  2.3
Stealth        | 1 |  1.2

Action                     |  1- 3 |  4- 6 |  7- 9 || total
---------------------------+-------+-------+-------++-------
  Melee: Long sword        |    55 |   125 |   236 ||   416
         Headbutt          |     8 |    20 |    68 ||    96
         Scimitar          |       |       |    84 ||    84
 Invoke: Heroism           |       |       |     1 ||     1
  Evoke: Wand              |       |       |     1 ||     1
    Use: Scroll            |     1 |     6 |     4 ||    11
         Potion            |       |     5 |     2 ||     7
 Armour: Scale mail        |     8 |       |       ||     8
         Chain mail        |    50 |   133 |    40 ||   223
         Plate armour      |       |       |   256 ||   256
  Dodge: Dodged            |    31 |    45 |   108 ||   184
  Block: Buckler           |    19 |    46 |   115 ||   180
